 Dungeon Crawl Stone Soup version bcrawl-1.28 (webtiles) character file.

Game seed: 4301490601768365164

119105 MisterOstroum the Skirmisher (level 5, -2/42 HPs)
             Began as a Ghoul Air Elementalist on Nov 21, 2020.
             Slain by an orc
             ... wielding a +0 mace
              (6 damage)
             ... on level 3 of the Dungeon.
             The game lasted 00:07:35 (2716 turns).

MisterOstroum the Skirmisher (GhAE)                 Turns: 2716, Time: 00:07:36

Health: -2/42      AC:  3    Str: 12 (13) XL:     5   Next: 5%
Magic:  2/6        EV: 11    Int:  7 (10) God:
Gold:   201        SH:  0    Dex:  6 (9)  Spells: 1/7 levels left

rFire    x . .     SeeInvis .   a - +0 hunting sling
rCold    + + .     Gourm    .   (no shield)
rNeg     + + +     Faith    .   v - +0 leather armour
rPois    ∞         Spirit   .   (no helmet)
rElec    .         Reflect  .   (no cloak)
rCorr    .         Harm     .   (no gloves)
MR       .....                  (no boots)
Stlth    +.........             (no amulet)
HPRegen  0.00/turn              b - ring of protection from cold
MPRegen  0.10/turn              z - ring "Xesesola" {+Blink +Fly rPois rF-}

@: very slightly contaminated, rotting, hasted and slowed
A: rotting body, claws 1, carnivore, cold resistance 1, negative energy
resistance 3, inhibited regeneration, torment resistance, unbreathing
a: Evoke Blink, Evoke Flight


You were on level 3 of the Dungeon.
You were not hungry.

You visited 1 branch of the dungeon, and saw 3 of its levels.

You collected 201 gold pieces.

Inventory:

Hand Weapons
 a - a +0 hunting sling (weapon)
 c - a +0 whip
 d - a +0 dagger
 s - a +0 war axe
 u - a +0 hand axe
Missiles
 f - 161 bolts
 g - 333 stones
 m - 637 sling bullets (quivered)
 q - 54 poisoned tomahawks
Armour
 n - a +0 robe
 t - a +0 scale mail
 v - a +0 leather armour (worn)
 w - a +0 ring mail
Jewellery
 b - a ring of protection from cold (left claw)
 z - the ring "Xesesola" (right claw) {+Blink +Fly rPois rF-}
   (You found it on level 3 of the Dungeon)

   [ring of flight]

   It makes you vulnerable to fire.
   It protects you from poison.
   It lets you fly.
   It lets you blink.
 C - an uncursed ring of protection from fire {unknown}
Wands
 y - a wand of acid (7)
Scrolls
 j - 2 scrolls of remove curse {unknown}
 k - 3 scrolls of identify {@r1}
 l - a scroll of blinking {unknown}
 x - a scroll of enchant armour {unknown}
 D - a scroll of immolation {unknown}
Potions
 h - 2 potions of flight
 i - a potion of degeneration
 p - a potion of heal wounds {unknown}
 r - a potion of lignification {unknown}
 E - a potion of cancellation {unknown}
Comestibles
 e - 8 rations {!d}


   Skills:
 - Level 2.7 Fighting
 * Level 2.6 Slings
 - Level 1.7 Dodging
 - Level 2.4 Stealth
 - Level 1.7 Spellcasting
 - Level 1.2 Conjurations
 - Level 2.4 Air Magic


You had one spell level left.
You knew the following spells:

 Your Spells              Type           Power        Failure   Level  Hunger
a - Shock                 Conj/Air       #....        24%         1    None
b - Swiftness             Chrm/Air       #.......     43%         2    ###....
c - Static Discharge      Air            #.......     50%         3    ####...

Your spell library contained the following spells:

 Spells                   Type           Power        Failure   Level  Hunger
 Airstrike                Air            #.........   88%         4    ######.
 Lightning Bolt           Conj/Air       #.........   100%        5    #######


Dungeon Overview and Level Annotations

Branches:
Dungeon (3/12)

Altars:
Hepliaklqana
Lugonu
Sif Muna
Wu Jian


Innate Abilities, Weirdness & Mutations

Your body is rotting away.
You thrive on raw meat.
You are immune to poison.
You have sharp fingernails.
You are carnivorous and can eat meat at any time.
Your flesh is cold resistant. (rC+)
You are immune to negative energy. (rN+++)
You do not regenerate when monsters are visible.
You are immune to unholy pain and torment.
You can survive without breathing.


Message History

The orc wizard is lightly wounded.
The orc wizard closely misses you.
Casting: Shock (safe; 19% risk of failure)
Confirm with . or Enter, or press ? or * to list all spells.
Aiming: Shock (safe; 19% risk of failure)
Press: ? - help, Shift-Dir - straight line You miscast Shock.
You feel electric!
The orc wizard hits you but does no damage.
The orc wizard hits you with a cursed -2 dagger.
Eat one of 3 chunks of flesh? (ye/n/q)
You eat one of the 3 chunks of flesh.
This raw flesh tastes great.
The orc wizard hits you with a cursed -2 dagger.
The orc hits you with a +0 mace!
The orc wizard hits you with a cursed -2 dagger.
The orc misses you. The orc wizard closely misses you.
The orc hits you with a +0 mace.
* * * LOW HITPOINT WARNING * * *
Eat one of 2 chunks of flesh? (ye/n/q)
You eat one of the 2 chunks of flesh.
This raw flesh tastes great.
The orc wizard closely misses you.
The orc wizard hits you but does no damage.
The orc barely misses you.
Eat a chunk of flesh? (ye/n/q)
You eat the chunk of flesh.
This raw flesh tastes great.
The orc wizard mumbles some strange words.
The orc wizard blinks!
The orc hits you with a +0 mace.
The orc wizard gestures wildly while chanting.
The orc wizard blinks!
Wield which item (- for none, * to show all)? (? for menu, Esc to quit)
Okay, then.
It was a potion of degeneration.
There was something very wrong with that liquid.
You feel weakened.
You feel dopey.
You feel clumsy.
You feel yourself speed up. The orc hits you with a +0 mace.
The orc wizard points at you and mumbles some strange words.
You feel yourself slow down.
Wield which item (- for none, * to show all)? (? for menu, Esc to quit)
Okay, then.
It was a potion of curing.
You feel better. The orc wizard misses you. The orc hits you with a +0 mace.
The orc wizard gestures wildly while chanting.
The orc wizard blinks!
The orc closely misses you.
It was a potion of haste.
You feel yourself speed up.
The orc wizard is no longer moving quickly.
The orc wizard barely misses you. The orc closely misses you.
The orc wizard hits you but does no damage.
Wield which item (- for none, * to show all)? (? for menu, Esc to quit)
Okay, then.
Unknown command.
Throwing (i - inventory. (/) - cycle)
q - 58 poisoned tomahawks
Press: ? - help, Shift-Dir - straight line, f - orc wizard
Aim: an orc wizard, wielding a -2 dagger and wearing a +0 robe You throw a poisoned tomahawk.
The poisoned tomahawk closely misses the orc wizard.
The orc barely misses you.
The orc wizard hits you but does no damage.
Throwing (i - inventory. (/) - cycle)
q - 57 poisoned tomahawks (quivered)
Press: ? - help, Shift-Dir - straight line, f/p - orc wizard
Aim: an orc wizard, wielding a -2 dagger and wearing a +0 robe You throw a poisoned tomahawk.
The poisoned tomahawk misses the orc wizard.
The orc wizard hits you with a cursed -2 dagger.
The orc barely misses you.
Throwing (i - inventory. (/) - cycle)
q - 56 poisoned tomahawks (quivered)
Press: ? - help, Shift-Dir - straight line, f/p - orc wizard
Aim: an orc wizard, wielding a -2 dagger and wearing a +0 robe You throw a poisoned tomahawk.
The poisoned tomahawk hits the orc wizard but does no damage.
The orc wizard is poisoned.
The orc wizard casts a spell at you. The magic dart hits you.
The orc hits you with a +0 mace.
The orc wizard mumbles some strange words.
The orc wizard seems to speed up.
The orc hits you with a +0 mace.
* * * LOW HITPOINT WARNING * * *
The orc hits you but does no damage.
Throwing (i - inventory. (/) - cycle)
q - 55 poisoned tomahawks (quivered)
Press: ? - help, Shift-Dir - straight line, f/p - orc wizard
Aim: an orc wizard, wielding a -2 dagger and wearing a +0 robe (lightly wounded, fast, poisoned)
You throw a poisoned tomahawk.
The poisoned tomahawk hits the orc wizard.
The orc wizard looks more poisoned.
The orc wizard is moderately wounded.
The orc wizard casts a spell.
The orc wizard blinks!
The orc barely misses you.
Firing (i - inventory. (/) - cycle)
m - 639 sling bullets (quivered)
Press: ? - help, Shift-Dir - straight line, f/p - orc wizard
Aim: an orc wizard, wielding a -2 dagger and wearing a +0 robe (moderately wounded, fast, poisoned)
You shoot a sling bullet. The sling bullet misses the orc wizard.
The orc wizard points at you and mumbles some strange words.
The magic dart hits you!
* * * LOW HITPOINT WARNING * * *
Firing (i - inventory. (/) - cycle)
m - 638 sling bullets (quivered)
Press: ? - help, Shift-Dir - straight line, f/p - orc wizard
Aim: an orc wizard, wielding a -2 dagger and wearing a +0 robe (heavily wounded, fast, poisoned)
You shoot a sling bullet.
The sling bullet barely misses the orc wizard.
The orc hits you with a +0 mace.
You die...

..........# ##o§######.#.......#
##.........# #...####...........#
#.##.##.#.# #..###...#.......###
#. #....#.###.)##o.##..#....###.
#..............#.........#...
#...........###.........##.#
.............o#.....##...#.##
.................#).###....... #
.#......#.......@#)####...#......
.#.#..##.........o........#......
........................#....###.
#.......#.................#.## ##
...#....................#.#.# #
#.....#.#...............#.#.# #
#....#..................#.#.#
.....#.............)....#...
....##.#.........#......#.#


You could see an orc wizard and an orc.

Vanquished Creatures
  2 adders (D:3)
  An ooze (D:2)
  5 worms
  A dart slug (D:1)
  4 leopard geckos (D:1)
  8 orcs
  5 giant cockroaches
  7 goblins
  11 hobgoblins
  4 kobolds
  A quokka (D:3)
  9 bats
  4 frilled lizards
  4 rats (D:2)
66 creatures vanquished.

Notes
Turn   | Place    | Note
-------+----------+-------------------------------------------
     0 | D:1      | MisterOstroum the Ghoul Air Elementalist began the quest
                  | for the Orb.
     0 | D:1      | Reached XP level 1. HP: 14/14 MP: 2/2
   149 | D:1      | Reached skill level 1 in Fighting
   201 | D:1      | Reached XP level 2. HP: 16/24 MP: 0/3
   425 | D:1      | Reached skill level 1 in Conjurations
   779 | D:1      | Reached XP level 3. HP: 21/29 MP: 0/4
  1423 | D:2      | Found an ornate altar of the Wu Jian Council.
  1707 | D:2      | Reached skill level 1 in Slings
  1707 | D:2      | Reached XP level 4. HP: 26/37 MP: 0/5
  1996 | D:2      | Found a hazy altar of Hepliaklqana.
  2020 | D:2      | Found a corrupted altar of Lugonu.
  2035 | D:2      | Learned a level 2 spell: Swiftness
  2039 | D:2      | Learned a level 3 spell: Static Discharge
  2296 | D:3      | Got a translucent marble ring
  2430 | D:2      | Identified the ring "Xesesola" {+Blink +Fly rPois rF-} (You
                  | found it on level 3 of the Dungeon)
  2564 | D:3      | Found a shimmering blue altar of Sif Muna.
  2677 | D:3      | Reached XP level 5. HP: 42/42 MP: 6/6
  2716 | D:3      | Slain by an orc

Skill      XL: |  1  2  3  4 |
---------------+-------------+-----
Fighting       | 1 2 |  2.7
Conjurations   | 1 |  1.2
Slings         | 1 2 |  2.6
Dodging        | |  1.7
Stealth        | |  2.4
Spellcasting   | |  1.7
Air Magic      | |  2.4

Action                   |  1- 3 |  4- 6 || total
-------------------------+-------+-------++-------
Melee: Whip              |    22 |       ||    22
       Unarmed           |    22 |       ||    22
       Dagger            |    30 |     7 ||    37
 Fire: Hunting sling     |    51 |   101 ||   152
Throw: Tomahawk          |       |     4 ||     4
 Cast: Shock             |    43 |    22 ||    65
  Use: Potion            |       |     3 ||     3
 Stab: Sleeping          |     1 |       ||     1
  Eat: Chunk             |    19 |    11 ||    30
Armor: Robe              |    19 |     1 ||    20
       Leather armour    |       |    10 ||    10
Dodge: Dodged            |    61 |    45 ||   106
